 Dungeon Crawl Stone Soup version 0.24-a0-102-g7635c99 (console) character file.

Game seed: 10154294934451833629

12067 Duffy the Cleaver (level 11, -4/103 HPs)
             Began as a Naga Gladiator on Feb 12, 2019.
             Was an Initiate of Gozag.
             Slain by a minotaur
             ... wielding a +2 mace of holy wrath
              (15 damage)
             ... in a Gauntlet.
             The game lasted 00:20:46 (12432 turns).

Duffy the Cleaver (Naga Gladiator)                 Turns: 12432, Time: 00:20:47

Health: -4/103     AC: 14    Str: 21    XL:     11   Next: 87%
Magic:  24/24      EV: 17    Int:  9    God:    Gozag
Gold:   874        SH:  3    Dex: 20    Spells: 10/10 levels left

rFire    + . .     SeeInvis +   G - +3 battleaxe
rCold    + . .     Gourm    .   (shield currently unavailable)
rNeg     . . .     Faith    .   o - +1 troll leather armour of the Beginning {Regen+ MP+9 Int+4 Dex+2 Slay+3}
rPois    +         Spirit   .   D - +1 helmet "Ifiedoem" {rCorr}
rElec    +         Reflect  +   z - scarf {rC+ rF+}
rCorr    +         Harm     .   (no gloves)
MR       +....     NoTele   +   h - +0 naga barding
Stlth    ++++......             a - amulet of Foextit {Reflect rElec rPois Int-5 SH+3 Stlth+}
HPRegen  0.67/turn              s - +3 ring of strength
MPRegen  0.19/turn              (no ring)

@: agile, flying, hasted, heavily drained, quick
A: large, see invisible, deformed body, poison resistance, slowness 2, slow
metabolism 1, spit poison 1, AC +3
a: Spit Poison, Potion Petition, Call Merchant, Bribe Branch, Renounce Religion


You were in a Gauntlet.
You worshipped Gozag.
Gozag was pleased with you.
You were not hungry.

You visited 2 branches of the dungeon, and saw 12 of its levels.
You also visited: Gauntlet.

You collected 2357 gold pieces.
You spent 1399 gold pieces at shops.
You paid 84 gold pieces to Gozag.

Inventory:

Hand Weapons
 G - a +3 battleaxe (weapon)
Missiles
 e - 2 throwing nets (quivered)
Armour
 b - a +0 cloak
 h - a +0 naga barding (worn)
 o - the +1 troll leather armour of the Beginning (worn) {Regen+ MP+9 Int+4 Dex+2 Slay+3}
   (You bought it in a shop on level 4 of the Dungeon)

   It affects your intelligence (+4).
   It affects your dexterity (+2).
   It affects your accuracy and damage with ranged weapons and melee attacks
   (+3).
   It affects your magic capacity (+9).
   It increases your rate of regeneration.
 z - a scarf of resistance (worn)
 D - the +1 helmet "Ifiedoem" (worn) {rCorr}
   (You bought it in a shop on level 4 of the Dungeon)

   It provides partial protection from all sources of acid and corrosion.
Jewellery
 a - the amulet of Foextit (around neck) {Reflect rElec rPois Int-5 SH+3 Stlth+}
   (You found it in a Gauntlet)

   [amulet of reflection]

   It shields you and reflects attacks.
   It affects your intelligence (-5).
   It insulates you from electricity.
   It protects you from poison.
   It affects your SH (+3).
   It makes you more stealthy.
 s - a +3 ring of strength (left hand)
Wands
 p - a wand of digging (6)
 q - a wand of iceblast (3)
 w - a wand of enslavement (7)
 F - a wand of acid (6)
 I - a wand of flame (17)
Scrolls
 c - 2 scrolls of brand weapon {unknown}
 d - 2 scrolls of enchant weapon {unknown}
 g - 2 scrolls of remove curse
 i - 6 scrolls of teleportation
 m - 2 scrolls of fog {unknown}
 t - a scroll of fear {unknown}
 v - 3 scrolls of amnesia {unknown}
 x - 2 scrolls of magic mapping
 y - 2 scrolls of enchant armour
 B - 2 scrolls of random uselessness {unknown}
 H - 2 scrolls of blinking
Potions
 j - a potion of invisibility
 k - a potion of agility
 l - 2 potions of resistance
 n - 2 potions of curing
 r - a potion of might
 u - 2 potions of brilliance
 E - a potion of flight
Comestibles
 f - 15 rations


   Skills:
 - Level 8.0(6.6) Fighting
 + Level 11.7(10.2) Axes
 - Level 1.7(0.6) Throwing
 - Level 5.0(3.8) Armour
 - Level 8.0(6.6) Dodging
 - Level 6.1(4.9) Evocations


You had 10 spell levels left.
You didn't know any spells.
Your spell library contained the following spells:

 Spells                   Type           Power        Failure   Level  Hunger
 Flame Tongue             Conj/Fire      #....        43%         1    ##.....
 Sandblast                Erth           #.....       43%         1    ##.....
 Passwall                 Tmut/Erth      #.......     56%         2    ###....
 Throw Flame              Conj/Fire      #.....       56%         2    ###....
 Conjure Flame            Conj/Fire      #.......     80%         3    ####...
 Inner Flame              Hex/Fire       #.......     80%         3    ####...
 Stone Arrow              Conj/Erth      #.....       80%         3    ####...
 Petrify                  Tmut/Erth      #.......     99%         4    #####..
 Sticky Flame             Conj/Fire      #.......     99%         4    #####..
 Fireball                 Conj/Fire      #.........   100%        5    ######.
 Lee's Rapid Deconstruct  Erth           #.........   100%        5    ######.


Dungeon Overview and Level Annotations

Branches:
Dungeon (11/15)            Temple (1/1) D:5            Lair (0/6) D:11
    Orc (0/2) D:9

Altars:
Ashenzari
Cheibriados
Dithmenos
Elyvilon
Fedhas
Gozag
Hepliaklqana
Kikubaaqudgha
Makhleb
Nemelex Xobeh
Okawaru
Qazlal
Ru
Sif Muna
Trog
Uskayaw
Vehumet
Wu Jian
Xom
Yredelemnul
Zin
The Shining One

Shops:
D:4 [   D:9 *   D:10 ?

Annotations:
Gauntlet 6 transporters, exclusion: orange crystal statue


Innate Abilities, Weirdness & Mutations

You cannot wear boots.
Your serpentine skin is tough. (AC +3)
You have supernaturally acute eyesight. (SInv)
Armour fits poorly on your strangely shaped body.
Your system is resistant to poisons. (rPois)
You cover ground very slowly.
You have a slow metabolism.
You can spit poison.


Message History

The minotaur is heavily wounded.
You closely miss the minotaur.
The minotaur is heavily wounded.
The minotaur closely misses you. The minotaur gores you.
You slash the minotaur!
The minotaur is heavily wounded.
You hit the minotaur but do no damage.
The minotaur is heavily wounded.
The minotaur hits you with a +2 mace of holy wrath!!
The minotaur gores you but does no damage.
Evoke which item? (* to show all) (? for menu, Esc to quit)
Aiming: Corrosive Bolt
Press: ? - help, Shift-Dir - straight line, f - minotaur
Aim: a minotaur, wielding a +2 mace of holy wrath and wearing a +0 chain mail (heavily wounded)
The bolt of acid hits the minotaur.
The minotaur is splashed with acid!
The acid corrodes the minotaur!
The minotaur is heavily wounded.
The minotaur hits you with a +2 mace of holy wrath!
You die...
Your body crumbles into a pile of gold.

####......######
#...............#
#...............#
####.###.###.####
##.###.###.###
#.............#
#.###.###.###.#
#.......(.....#
######@#######
#H# \.. ...}+$
+}...# #..}.#
###+## $


You could see a minotaur.

Vanquished Creatures
  2 two-headed ogres
  A tengu warrior (Gauntlet)
  2 tengu conjurers (Gauntlet)
  A jumping spider (shapeshifter) (Gauntlet)
  Prince Ribbit (D:7)
  A blink frog (shapeshifter) (Gauntlet)
  4 slime creatures (Gauntlet)
  2 wyverns (D:10)
  A basilisk (D:10)
  2 humans
  A steam dragon (D:10)
  5 yaks (D:10)
  A hungry ghost (D:7)
  A warg (D:9)
  A soldier ant (shapeshifter) (Gauntlet)
  2 soldier ants (D:10)
  A water moccasin (D:8)
  4 orc warriors
  3 phantoms
  2 eyes of draining
  4 sky beasts
  6 ice beasts
  3 black bears
  4 ogres
  A necrophage (D:10)
  6 centaurs
  11 bullfrogs
  A wyvern zombie (D:9)
  5 scorpions
  4 killer bees (D:10)
  4 wights
  5 howler monkeys
  An electric eel (D:10)
  4 crimson imps
  A bullfrog skeleton (D:6)
  10 orc priests
  A gnoll shaman (D:10)
  2 jellies
  13 orc wizards
  2 hounds
  11 worker ants
  3 iguanas
  A worker ant zombie (D:11)
  16 adders
  10 gnolls
  2 shadow imps
  An ooze (D:5)
  An adder zombie (D:6)
  4 worms
  3 dart slugs
  6 leopard geckos
  50 orcs
  3 ball pythons
  8 bats
  5 giant cockroaches
  6 goblins
  9 hobgoblins
  6 jackals
  7 quokkas
  4 frilled lizards
  A jackal skeleton (D:2)
  11 kobolds
  8 rats
302 creatures vanquished.

Notes
Turn   | Place    | Note
-------+----------+-------------------------------------------
     0 | D:1      | Duffy the Naga Gladiator began the quest for the Orb.
     0 | D:1      | Reached XP level 1. HP: 19/19 MP: 1/1
   145 | D:1      | Reached XP level 2. HP: 17/26 MP: 2/2
   306 | D:2      | Found a runed translucent door.
   306 | D:2      | Noticed a human
   311 | D:2      | Found a basalt altar of Yredelemnul.
   364 | D:2      | Killed a human
   364 | D:2      | Reached skill level 5 in Axes
   364 | D:2      | Reached XP level 3. HP: 17/32 MP: 3/3
   364 | D:2      | Reached XP level 4. HP: 20/39 MP: 4/4
   364 | D:2      | Reached XP level 5. HP: 23/45 MP: 5/5
   690 | D:3      | Noticed a moth of wrath
   709 | D:3      | Reached skill level 6 in Axes
   906 | D:3      | Found a bloodstained altar of Trog.
  1063 | D:4      | Reached XP level 6. HP: 40/52 MP: 6/6
  1135 | D:4      | Found a shimmering altar of Xom.
  1172 | D:4      | Found Miuret's Armour Emporium.
  1205 | D:4      | Noticed an orc warrior
  1231 | D:4      | HP: 2/52 [orc warrior/+0 long sword (12)]
  1232 | D:4      | Killed an orc warrior
  1232 | D:4      | Reached skill level 7 in Axes
  1563 | D:5      | Entered Level 5 of the Dungeon
  1563 | D:5      | Found a staircase to the Ecumenical Temple.
  1890 | D:4      | Reached XP level 7. HP: 26/60 MP: 7/7
  2111 | D:4      | Reached skill level 8 in Axes
  2116 | D:4      | Found a bloodstained altar of Trog.
  2116 | D:4      | Found an ornate altar of the Wu Jian Council.
  2121 | D:4      | Found a shattered altar of Ashenzari.
  2698 | Temple   | Entered the Ecumenical Temple
  2856 | Temple   | Became a worshipper of Gozag Ym Sagoz the Greedy
  2909 | Temple   | Reached skill level 9 in Axes
  3272 | D:1      | Found a shattered altar of Ashenzari.
  3853 | D:2      | Reached XP level 8. HP: 55/67 MP: 8/8
  3992 | D:2      | Found a faded altar of an unknown god.
  5258 | D:3      | Found an ancient bone altar of Kikubaaqudgha.
  5837 | D:5      | Found a glowing golden altar of the Shining One.
  5914 | D:5      | Reached skill level 10 in Axes
  6593 | D:6      | Reached skill level 1 in Evocations
  6961 | D:4      | Bought the cursed +1 troll leather armour of the Beginning
                  | {Regen+ MP+9 Int+4 Dex+2 Slay+3} for 681 gold pieces
  7081 | D:5      | Reached XP level 9. HP: 64/78 MP: 11/11
  7563 | D:6      | Reached skill level 5 in Fighting
  7754 | D:6      | You fall through a shaft for 3 floors!
  7764 | D:9      | Reached skill level 5 in Evocations
  7835 | D:9      | Reached skill level 5 in Dodging
  8024 | D:9      | Noticed a two-headed ogre
  8032 | D:9      | Reached XP level 10. HP: 61/92 MP: 13/13
  8037 | D:9      | Killed a two-headed ogre
  8226 | D:9      | Found a staircase to the Orcish Mines.
  8374 | D:9      | Found a glowing silver altar of Zin.
  8881 | D:7      | Noticed Prince Ribbit
  8887 | D:7      | Killed Prince Ribbit
  9069 | D:4      | Bought the +1 helmet "Ifiedoem" {rCorr} for 221 gold pieces
  9767 | D:8      | Reached skill level 1 in Armour
  9819 | D:8      | Noticed a two-headed ogre
  9823 | D:8      | Killed a two-headed ogre
  9823 | D:8      | Reached XP level 11. HP: 103/103 MP: 15/15
 10006 | D:8      | Found a sacrificial altar of Ru.
 10216 | D:9      | Found Hiyn Bedubb's Assorted Antiques.
 10219 | D:9      | Bought a scroll labeled NOFELI UCKIO for 20 gold pieces
 10219 | D:9      | Bought a scroll labeled TATEOR JESIYK for 20 gold pieces
 10219 | D:9      | Bought a bronze wand for 80 gold pieces
 10219 | D:9      | Bought a potion of agility for 80 gold pieces
 10219 | D:9      | Bought a translucent flail for 170 gold pieces
 10219 | D:9      | Identified the +6 flail of Arbitration {crush, *Drain
                  | Dex+5} (You bought it in a shop on level 9 of the Dungeon)
 10454 | D:10     | Entered Level 10 of the Dungeon
 10564 | D:10     | Noticed Psyche
 10566 | D:10     | Noticed Psyche
 10566 | D:10     | Psyche changed into Psyche the basilisk
 10577 | D:10     | Killed Psyche the basilisk
 10940 | D:10     | Found Idikk's Magic Scroll Emporium.
 10945 | D:10     | Bought a scroll of blinking for 127 gold pieces
 11397 | D:10     | Reached skill level 11 in Axes
 11702 | D:11     | Found a gate leading to a gauntlet.
 11735 | Gauntlet | Entered a Gauntlet
 11735 | Gauntlet | Found a transporter.
 11735 | Gauntlet | Found a runed translucent door.
 11735 | Gauntlet | Found a transporter.
 11735 | Gauntlet | Found a runed translucent door.
 11737 | Gauntlet | Found a transporter.
 11737 | Gauntlet | Found a transporter.
 11750 | Gauntlet | Found a transporter.
 11755 | Gauntlet | Noticed a tengu warrior
 11760 | Gauntlet | Found a transporter.
 11763 | Gauntlet | Found a transporter.
 11766 | Gauntlet | Noticed an orb spider
 11766 | Gauntlet | a shapeshifter changed into an orb spider
 11770 | Gauntlet | Noticed a manticore
 11773 | Gauntlet | Found a transporter.
 11782 | Gauntlet | a manticore changed into a komodo dragon
 11787 | Gauntlet | Noticed a harpy
 11787 | Gauntlet | an orb spider changed into a harpy
 11787 | Gauntlet | Noticed a lindwurm
 11787 | Gauntlet | a komodo dragon changed into a lindwurm
 11789 | Gauntlet | a lindwurm changed into an eye of devastation
 11791 | Gauntlet | Found a transporter.
 11791 | Gauntlet | Noticed an orange crystal statue
 11791 | Gauntlet | Noticed a moth of wrath
 11791 | Gauntlet | a snapping turtle changed into a moth of wrath
 11793 | Gauntlet | Noticed a shining eye
 11793 | Gauntlet | a moth of wrath changed into a shining eye
 11796 | Gauntlet | Found a transporter.
 11797 | Gauntlet | Noticed a two-headed ogre
 11798 | Gauntlet | Noticed a wolf spider
 11798 | Gauntlet | a two-headed ogre changed into a wolf spider
 11799 | Gauntlet | Found a transporter.
 11804 | Gauntlet | a wolf spider changed into a water nymph
 11822 | Gauntlet | Found a transporter.
 11892 | Gauntlet | Noticed an orb spider
 11908 | Gauntlet | Noticed a harpy
 11908 | Gauntlet | a wind drake changed into a harpy
 11912 | Gauntlet | Noticed an unseen horror
 11912 | Gauntlet | a harpy changed into an unseen horror
 11917 | Gauntlet | an unseen horror changed into a komodo dragon
 11918 | Gauntlet | Noticed a salamander
 11918 | Gauntlet | a komodo dragon changed into a salamander
 11920 | Gauntlet | Noticed a fire crab
 11920 | Gauntlet | a salamander changed into a fire crab
 12205 | Gauntlet | Killed a tengu warrior
 12264 | Gauntlet | Noticed an anaconda
 12265 | Gauntlet | Noticed an ettin
 12265 | Gauntlet | an anaconda changed into an ettin
 12267 | Gauntlet | Got a faintly glowing tin amulet
 12267 | Gauntlet | Noticed an ice dragon
 12267 | Gauntlet | an ettin changed into an ice dragon
 12268 | Gauntlet | Noticed a queen ant
 12268 | Gauntlet | an ice dragon changed into a queen ant
 12269 | Gauntlet | Identified the amulet of Foextit {Reflect rElec rPois Int-5
                  | SH+3 Stlth+} (You found it in a Gauntlet)
 12271 | Gauntlet | Noticed an ice dragon
 12271 | Gauntlet | a queen ant changed into an ice dragon
 12276 | Gauntlet | Noticed an alligator
 12276 | Gauntlet | an ice dragon changed into an alligator
 12284 | Gauntlet | Noticed an azure jelly
 12284 | Gauntlet | an alligator changed into an azure jelly
 12287 | Gauntlet | Noticed a sphinx
 12287 | Gauntlet | an azure jelly changed into a sphinx
 12289 | Gauntlet | Noticed a quicksilver dragon
 12289 | Gauntlet | a sphinx changed into a quicksilver dragon
 12291 | Gauntlet | Noticed an alligator snapping turtle
 12291 | Gauntlet | a quicksilver dragon changed into an alligator snapping
                  | turtle
 12293 | Gauntlet | Noticed an azure jelly
 12293 | Gauntlet | an alligator snapping turtle changed into an azure jelly
 12307 | Gauntlet | Noticed a minotaur
 12307 | Gauntlet | an azure jelly changed into a minotaur
 12320 | Gauntlet | Noticed an entropy weaver
 12320 | Gauntlet | a minotaur changed into an entropy weaver
 12322 | Gauntlet | Noticed a spark wasp
 12322 | Gauntlet | an entropy weaver changed into a spark wasp
 12323 | Gauntlet | a spark wasp changed into a tyrant leech
 12325 | Gauntlet | Noticed a wolf spider
 12325 | Gauntlet | a tyrant leech changed into a wolf spider
 12327 | Gauntlet | Noticed a glowing shapeshifter
 12327 | Gauntlet | a wolf spider changed into a glowing shapeshifter
 12328 | Gauntlet | a glowing shapeshifter changed into an eye of devastation
 12329 | Gauntlet | Noticed a death drake
 12329 | Gauntlet | an eye of devastation changed into a death drake
 12330 | Gauntlet | a death drake changed into a floating eye
 12334 | Gauntlet | Paralysed by a floating eye for 2 turns
 12336 | Gauntlet | Noticed a cyclops
 12336 | Gauntlet | a guardian serpent changed into a cyclops
 12338 | Gauntlet | Noticed a moth of wrath
 12338 | Gauntlet | a cyclops changed into a moth of wrath
 12339 | Gauntlet | a moth of wrath changed into a water nymph
 12341 | Gauntlet | Noticed a faun
 12341 | Gauntlet | an eye of devastation changed into a faun
 12342 | Gauntlet | Noticed a deep troll
 12342 | Gauntlet | a faun changed into a deep troll
 12343 | Gauntlet | Reached skill level 5 in Armour
 12343 | Gauntlet | Noticed a glowing orange brain
 12343 | Gauntlet | a deep troll changed into a glowing orange brain
 12345 | Gauntlet | Noticed a moth of wrath
 12345 | Gauntlet | a glowing orange brain changed into a moth of wrath
 12347 | Gauntlet | Noticed a death drake
 12347 | Gauntlet | a moth of wrath changed into a death drake
 12350 | Gauntlet | a death drake changed into a jumping spider
 12409 | Gauntlet | Noticed a minotaur
 12432 | Gauntlet | Slain by a minotaur

Levels and vault maps discovered:
D:1:      eino_arrival_cavern_c, layout_basic, serial_glass, glass_columns_a,
          glass_columns_b, due_unseen_surprise, minmay_strange_pillars,
          minmay_strange_pillars, evilmike_ruin_ashenzari
D:2:      minmay_diamond_boxcup, layout_loops_ring,
          chequers_ecumenical_altar_twisty, dk_yredelemnul_ordeal
D:3:      layout_basic, marbit_many_paths, tgw_trog
D:4:      layout_basic, chequers_temple_overflow_statue_of_worship,
          serial_shops, nicolae_shop_temple_entry_statues_fountains,
          first_ration, xom_teletrap_fun
D:5:      layout_basic, lemuel_doored_altar, minmay_temple_entry_butterflies
D:6:      layout_gridville, minmay_bent
D:7:      layout_rooms, grunt_ministairs_4, uniq_prince_ribbit1
D:8:      layout_basic, lemuel_coloured_pillars_altar
D:9:      layout_loops_cross, overflow_temple_1_default, erik_orc_4,
          serial_shops, nicolae_shop_trees
D:10:     layout_loops_ring, serial_shops, kennysheep_little_box,
          hangedman_pestilent_swarm, grunt_decor_cap, minmay_misc_feat_chi,
          kennysheep_potato, uniq_psyche
D:11:     layout_roguey [special_room_bee], erik_lair_orcish_takeover,
          gauntlet_entry_generic, library_closet, nicolae_benzene_ring,
          grunt_decor_mini_mirrors
Temple:   regret_index_temple_waves
Gauntlet: minmay_gauntlet_mixed_big_or_small [gammafunk_gauntlet_arena_crates,
          minmay_gauntlet_arena_77_shame_cube,
          gammafunk_gauntlet_arena_split_diamond,
          minmay_gauntlet_arena_77_broken_ladder,
          gammafunk_gauntlet_arena_teeth, minmay_gauntlet_arena_77_braids,
          gauntlet_exit_hidden_loot]

Skill      XL: |  1  2  3  4  5  6  7  8  9 10 11 |
---------------+----------------------------------+-----
Axes           | 5 6 7 9 10 11 | 11.7
Evocations     | 3 5 6 |  6.1
Dodging        | 3 5 7 8 |  8.0
Fighting       | 3 6 8 |  8.0
Armour         | 1 5 |  5.0
Throwing       | |  1.7

Action                   |  1- 3 |  4- 6 |  7- 9 | 10-12 || total
-------------------------+-------+-------+-------+-------++-------
Melee: War axe           |    22 |   102 |   410 |       ||   534
       Battleaxe         |       |       |     6 |   374 ||   380
Throw: Throwing net      |       |     3 |       |       ||     3
Invok: Potion Petition   |       |       |       |     1 ||     1
 Abil: Spit Poison       |     3 |    13 |    12 |     3 ||    31
Evoke: Wand              |       |       |     3 |    11 ||    14
  Use: Potion            |       |     1 |     2 |     5 ||     8
       Scroll            |       |       |    13 |     6 ||    19
 Stab: Sleeping          |       |     1 |     3 |     2 ||     6
       Held in net/web   |       |     1 |       |       ||     1
       Distracted        |       |       |     2 |     3 ||     5
  Eat: Chunk             |       |     2 |     3 |       ||     5
       Ration            |       |       |     5 |     4 ||     9
Armor: Leather armour    |     5 |    31 |   118 |       ||   154
       Skin              |       |       |    17 |       ||    17
       Troll leather arm |       |       |    64 |   173 ||   237
Dodge: Dodged            |    10 |    49 |   186 |   228 ||   473
Block: Other             |       |       |       |     2 ||     2

Table legend:
 A = Non-vault XP
 B = Vault XP
 C = Vault XP percentage of total XP
 D = Non-vault monster count
 E = Vault monster count
 F = Vault count percentage of total count
                 A         B        C        D         E       F
            +---------+---------+-------+---------+---------+-------
      Total |   12734 |    4505 |  26.1 |     251 |      51 |  16.9
            +---------+---------+-------+---------+---------+-------
        D:1 |      25 |       0 |   0.0 |      14 |       0 |   0.0
        D:2 |     122 |     212 |  63.5 |      29 |      11 |  27.5
        D:3 |     208 |      15 |   6.7 |      15 |       6 |  28.6
        D:4 |     614 |       0 |   0.0 |      26 |       0 |   0.0
        D:5 |     542 |       0 |   0.0 |      24 |       0 |   0.0
        D:6 |    1973 |     178 |   8.3 |      37 |       3 |   7.5
        D:7 |     868 |     317 |  26.8 |      15 |       2 |  11.8
        D:8 |    2149 |       0 |   0.0 |      25 |       0 |   0.0
        D:9 |    1899 |     708 |  27.2 |      15 |      16 |  51.6
       D:10 |    3085 |     824 |  21.1 |      40 |       6 |  13.0
       D:11 |      84 |       0 |   0.0 |       6 |       0 |   0.0
     Temple |     129 |       0 |   0.0 |       1 |       0 |   0.0
   Gauntlet |    1036 |    2251 |  68.5 |       4 |       7 |  63.6
            +---------+---------+-------+---------+---------+-------
